 Dungeon Crawl Stone Soup version 0.30-a0-629-gd54f4be4f7 (webtiles) character file.

Game seed: 11617277245983738347

5125 themarg the Martial Artist (level 10, -6/91 HPs)
             Began as a Gnoll Transmuter on Jan 13, 2023.
             Was a Priest of Nemelex Xobeh.
             Mangled by a manticore (11 damage)
             ... on level 7 of the Dungeon.
             The game lasted 00:17:05 (7070 turns).

themarg the Martial Artist (Gnoll Transmuter)       Turns: 7070, Time: 00:17:06

Health: -6/91      AC:  7    Str:  9    XL:     10   Next: 58%
Magic:  21/21      EV: 13    Int: 16    God:    Nemelex Xobeh [***...]
Gold:   329        SH:  0    Dex: 14    Spells: 14/24 levels left

rFire   x . .      SeeInvis .      - Unarmed
rCold   + + +      Faith    .    (shield currently unavailable)
rNeg    . . .      Spirit   .    (body armour currently unavailable)
rPois   +          Reflect  .    (helmet currently unavailable)
rElec   .          Harm     .    (cloak currently unavailable)
rCorr   +          Rampage  .    (gloves currently unavailable)
Will    .....                    (boots currently unavailable)
Stlth   +++                      q - amulet of magic regeneration
HPRegen 0.35/turn                j - ring of resist corrosion
MPRegen 0.57/turn                D - ring of protection from cold

@: ice-form, studying Ranged Weapons
A: freezing attack, amphibious, boosted hp, large, (fangs 1), strong nose,
distributed training
a: End Transformation, Renounce Religion, Draw Escape, Draw Destruction, Draw
Summoning, Triple Draw


You were on level 7 of the Dungeon.
You worshipped Nemelex Xobeh.
Nemelex Xobeh was most pleased with you.
You were a creature of crystalline ice.
You visited 1 branch of the dungeon, and saw 7 of its levels.

You collected 329 gold pieces.

Inventory:

Missiles
 e - 68 stones
 g - 22 poisoned darts
 z - 6 atropa-tipped darts
 C - 7 curare-tipped darts
Armour
 d - a +0 cloak (melded)
 h - a +0 pair of boots (melded)
 n - the +2 robe "Seic" (melded) {Stlth+}
   (You found it on level 2 of the Dungeon)

   Stlth:     It makes you more stealthy.
 I - the +1 robe "Ytemeshy" {Fly rC- Int+8}
   (You found it on level 6 of the Dungeon)

   Int:       It affects your intelligence (+8).
   rC:        It makes you vulnerable to cold.
   Fly:       It grants you flight.
 M - +0 steam dragon scales
Jewellery
 j - a ring of resist corrosion (left front paw)
 q - an amulet of magic regeneration (around neck)
 D - a ring of protection from cold (right front paw)
 F - a ring of protection from cold
Wands
 x - a wand of polymorph (3)
 A - a wand of flame (27)
 G - a wand of mindburst (10)
Scrolls
 a - a scroll of poison {unknown}
 i - a scroll of brand weapon
 k - 3 scrolls of immolation {unknown}
 l - 2 scrolls of fog
 m - 8 scrolls of teleportation
 s - 2 scrolls of noise {unknown}
 t - 2 scrolls of vulnerability {unknown}
 v - 2 scrolls of summoning {unknown}
 w - a scroll of silence {unknown}
 y - a scroll of fear {unknown}
 B - 2 scrolls of blinking {unknown}
 H - a scroll of enchant weapon {unknown}
 K - a scroll of torment {unknown}
Potions
 b - a potion of cancellation
 c - 3 potions of resistance
 f - a potion of curing
 o - a potion of ambrosia
 p - a potion of might
 r - 4 potions of brilliance
 u - 2 potions of haste
 E - 2 potions of attraction
 J - a potion of heal wounds
 L - a potion of berserk rage {unknown}


   Skills:
 + Level 6.2 Fighting
 + Level 5.6 Short Blades
 + Level 5.6 Long Blades
 + Level 5.6 Axes
 + Level 5.6 Maces & Flails
 + Level 5.6 Polearms
 + Level 5.6 Staves
 + Level 6.7 Ranged Weapons
 + Level 5.6 Throwing
 + Level 5.6 Armour
 + Level 7.3 Dodging
 + Level 5.6 Stealth
 + Level 5.6 Shields
 + Level 8.7 Unarmed Combat
 + Level 7.6 Spellcasting
 + Level 4.6 Conjurations
 + Level 4.6 Hexes
 + Level 4.6 Summonings
 + Level 4.6 Necromancy
 + Level 4.6 Translocations
 + Level 6.1 Transmutations
 + Level 4.6 Fire Magic
 + Level 4.6 Ice Magic
 + Level 4.6 Air Magic
 + Level 4.6 Earth Magic
 + Level 4.6 Poison Magic
 + Level 6.2 Invocations
 + Level 5.6 Evocations


You had 14 spell levels left.
You knew the following spells:

 Your Spells              Type           Power      Damage    Failure   Level
a - Beastly Appendage     Tmut           50%        N/A       1%          1
b - Wereblood             Tmut           25%        N/A       1%          2
c - Spider Form           Tmut/Pois      23%        N/A       3%          3
d - Ice Form              Ice/Tmut       23%        N/A       13%         4

Your spell library contained the following spells:

 Spells                   Type           Power      Damage    Failure   Level
 Necrotise                Necr           84%        1d8       1%          1
 Sting                    Tmut/Pois      92%        1d7       1%          1
 Poisonous Vapours        Pois/Air       42%        N/A       2%          2
 Hailstorm                Conj/Ice       21%        3d6       5%          3
 Vampiric Draining        Necr           21%        2d7       5%          3
 Olgreb's Toxic Radiance  Pois           21%        N/A       17%         4
 Agony                    Necr           21%        N/A       43%         5
 Simulacrum               Ice/Necr       10%        N/A       95%         6


Dungeon Overview and Level Annotations

Branches:
Dungeon (7/15)             Temple (0/1) D:4

Altars:
Ashenzari
Dithmenos
Hepliaklqana
Nemelex Xobeh
Qazlal
Trog
Uskayaw
Xom

Shops:
D:1 *   D:6 [   D:7 =


Innate Abilities, Weirdness & Mutations

You are a creature of crystalline ice.
You have a powerful freezing melee attack.
You are amphibious.
Your maximum health is increased.
Your armour is entirely melded.
You are incapable of wielding weapons or throwing items.
((You have very sharp teeth.))
Your uncanny sense of smell can sniff out nearby items.
Your experience applies equally to all skills.


Message History

You hear a howl!
The gargoyle hits you but does no damage.
You draw a card...
You have drawn Wild Magic.
The gargoyle bobs in the air for a moment.
The gargoyle resists.
You feel a surge of magic.
The gargoyle hurls a stone arrow at you.
The stone arrow misses you.
You draw a card...
You have drawn Vitriol.
Press: ? - help, Shift-Dir - straight line, f/p - manticore
Aim: a manticore The bolt of acid hits the gargoyle!!
The acid corrodes the gargoyle!
You destroy the gargoyle!
The bolt of acid hits the manticore!!
The manticore is heavily wounded.
You hear two shouts!
You hear a shout!
You punch the manticore! You freeze the manticore.
The manticore is heavily wounded.
The manticore bites you but does no damage.
The manticore claws you.
* * * LOW HITPOINT WARNING * * *
The manticore claws you!
* * * LOW HITPOINT WARNING * * *
You draw a card...
You have drawn Pain.
Press: ? - help, Shift-Dir - straight line, f - orc warrior, p - manticore
Aim: an orc warrior, wielding a +0 dire flail and wearing a +0 chain mail The manticore convulses!
The manticore barely misses you. The manticore claws you!
* * * LOW HITPOINT WARNING * * *
The manticore claws you.
* * * LOW HITPOINT WARNING * * *
You draw a card...
You have drawn the Orb.
Press: ? - help, Shift-Dir - straight line, f/p - orc warrior
Aim: an orc warrior, wielding a +0 dire flail and wearing a +0 chain mail Your orb of destruction hits a stone wall. x4
The manticore closely misses you. The manticore claws you!
You die...
Your body glows slightly and disappears.

.# ###########..##).#####....#
)###...........##.####..##...#
.##..#######..##.###..##.##..#
.#..## ..##.##.##.#####.#..#
<..## #.#####.#.#..##.#..#
..## ∆∆∆ #.#.##.##.##.###..#
..# ∆ #..o##..#.#.###..# ..# ∆
∆ #..H#####.##.##..# ..#
∆∆∆8......#Y##..###.##..# ..#
∆ |.9.#..##..####.##...# ..#
?.H #.#######..##....# ..##
∆[∆ .###.....###....### ...##
.###.....##........# .#..## .#
#.......##...#####
.....########..#.#.#..##..#
####.......#.. ######..#..##
######### .....#..#..>#


You could see a manticore and an orc warrior.

Vanquished Creatures
  Pikel (D:7)
  A gargoyle (D:7)
  Joseph (D:7)
  Prince Ribbit (D:7)
  Sigmund (D:3)
  6 yaks (D:6)
  Eustachio (D:4)
  Menkaure (D:4)
  2 steam dragons (D:7)
  Edmund (D:4)
  A water moccasin (D:7)
  A sky beast (D:7)
  2 black bears
  An orc warrior (D:7)
  An ogre (D:7)
  A centaur (D:7)
  4 lemures (D:7)
  2 kobold brigands (D:7)
  2 gnoll sergeants (D:7)
  3 scorpions
  5 wights (D:6)
  5 killer bees (D:6)
  A howler monkey (D:5)
  Crazy Yiuf (D:3)
  5 jellies
  3 orc priests
  2 hounds
  Ijyb (D:4)
  2 iguanas
  3 orc wizards (D:7)
  5 adders
  A white imp (D:6)
  A worm (D:3)
  2 dart slugs (D:4)
  23 orcs
  7 endoplasms
  2 giant cockroaches (D:4)
  4 goblins
  7 hobgoblins
  8 jackals
  7 kobolds
  8 quokkas
  9 ball pythons
  3 bats
  3 frilled lizards
  6 rats
158 creatures vanquished.

Notes
Turn   | Place    | Note
-------+----------+-------------------------------------------
     0 | D:1      | themarg the Gnoll Transmuter began the quest for the Orb.
     0 | D:1      | Reached XP level 1. HP: 17/17 MP: 6/6
    55 | D:1      | Found Irieneuk's Assorted Antiques.
   349 | D:1      | Reached XP level 2. HP: 17/23 MP: 5/7
   352 | D:1      | Learned a level 2 spell: Wereblood
  1006 | D:2      | Identified the +2 robe "Seic" {Stlth+}
  1103 | D:2      | Reached skill level 5 in Spellcasting
  1103 | D:2      | Reached XP level 3. HP: 28/28 MP: 6/9
  1112 | D:2      | Learned a level 3 spell: Spider Form
  1270 | D:2      | Identified the +3 ring mail of Depression {rCorr Dex+5}
  1310 | D:2      | Found a faded altar of an unknown god.
  1319 | D:2      | Prayed at the altar of an unknown god.
  1319 | D:2      | Became a worshipper of Nemelex Xobeh the Trickster
  1319 | D:2      | Reached * piety under Nemelex Xobeh
  1429 | D:2      | You fall into a shaft and drop 1 floor!
  1476 | D:2      | Received a gift from Nemelex Xobeh
  1486 | D:2      | Reached skill level 1 in Invocations
  1883 | D:3      | Noticed Sigmund
  1893 | D:3      | Reached skill level 1 in Short Blades
  1893 | D:3      | Reached skill level 1 in Long Blades
  1893 | D:3      | Reached skill level 1 in Axes
  1893 | D:3      | Reached skill level 1 in Maces & Flails
  1893 | D:3      | Reached skill level 1 in Polearms
  1893 | D:3      | Reached skill level 1 in Staves
  1893 | D:3      | Reached skill level 1 in Ranged Weapons
  1893 | D:3      | Reached skill level 1 in Throwing
  1893 | D:3      | Reached skill level 1 in Armour
  1893 | D:3      | Reached skill level 1 in Stealth
  1893 | D:3      | Reached skill level 1 in Shields
  1893 | D:3      | Reached skill level 1 in Evocations
  1911 | D:3      | HP: 1/28 [orc priest/nerve-wracking pain (14)]
  1921 | D:2      | Reached XP level 4. HP: 3/34 MP: 8/11
  2147 | D:3      | Found a runed translucent door.
  2148 | D:3      | Noticed Crazy Yiuf
  2155 | D:3      | Killed Crazy Yiuf
  2156 | D:3      | Reached skill level 1 in Conjurations
  2156 | D:3      | Reached skill level 1 in Hexes
  2156 | D:3      | Reached skill level 1 in Summonings
  2156 | D:3      | Reached skill level 1 in Necromancy
  2156 | D:3      | Reached skill level 1 in Translocations
  2156 | D:3      | Reached skill level 1 in Fire Magic
  2156 | D:3      | Reached skill level 1 in Ice Magic
  2156 | D:3      | Reached skill level 1 in Air Magic
  2156 | D:3      | Reached skill level 1 in Earth Magic
  2156 | D:3      | Reached skill level 1 in Poison Magic
  2415 | D:3      | Reached ** piety under Nemelex Xobeh
  2466 | D:3      | Killed Sigmund
  2467 | D:3      | Reached XP level 5. HP: 25/41 MP: 10/12
  2467 | D:3      | Reached XP level 6. HP: 29/47 MP: 11/14
  2534 | D:3      | Found a broken altar of Ashenzari.
  2568 | D:3      | Found a bloodstained altar of Trog.
  2580 | D:3      | Reached skill level 5 in Dodging
  3007 | D:4      | Noticed Ijyb
  3024 | D:4      | Found a staircase to the Ecumenical Temple.
  3026 | D:4      | Noticed Menkaure
  3036 | D:4      | Killed Menkaure
  3092 | D:4      | Reached XP level 7. HP: 52/52 MP: 15/15
  3122 | D:4      | Reached skill level 7 in Unarmed Combat
  3183 | D:4      | Noticed Eustachio
  3196 | D:4      | Killed Eustachio
  3252 | D:4      | Found a hide-covered altar of Uskayaw.
  3275 | D:4      | Found a shimmering altar of Xom.
  3276 | D:4      | Found a shimmering altar of Xom.
  3306 | D:4      | Noticed Edmund
  3316 | D:4      | Killed Edmund
  3611 | D:4      | Found a shimmering altar of Xom.
  3613 | D:4      | Found a shimmering altar of Xom.
  3613 | D:4      | Found a shimmering altar of Xom.
  3682 | D:4      | Found a shimmering altar of Xom.
  3730 | D:4      | Killed Ijyb
  3791 | D:5      | Entered Level 5 of the Dungeon
  3799 | D:5      | Found a stormy altar of Qazlal.
  3957 | D:5      | Reached *** piety under Nemelex Xobeh
  4058 | D:5      | Found a shadowy altar of Dithmenos.
  4093 | D:5      | Reached XP level 8. HP: 60/60 MP: 16/16
  4406 | D:6      | Noticed a yak
  4415 | D:6      | Noticed a yak
  4416 | D:6      | Noticed a yak
  4417 | D:6      | Noticed a yak
  4420 | D:6      | Killed a yak
  4422 | D:6      | Noticed a yak
  4423 | D:6      | Noticed a yak
  4430 | D:6      | Killed a yak
  4436 | D:6      | Killed a yak
  4442 | D:6      | Killed a yak
  4443 | D:6      | Reached skill level 5 in Transmutations
  4451 | D:6      | Killed a yak
  4452 | D:6      | Reached XP level 9. HP: 54/67 MP: 18/18
  4460 | D:6      | Learned a level 4 spell: Ice Form
  4527 | D:6      | Reached skill level 5 in Fighting
  4684 | D:6      | Reached skill level 8 in Unarmed Combat
  5170 | D:6      | Identified the +1 robe "Ytemeshy" {Fly rC- Int+8}
  5198 | D:6      | Found Qoenanumm's Armour Emporium.
  5224 | D:6      | Reached skill level 5 in Invocations
  5493 | D:7      | Reached skill level 5 in Ranged Weapons
  5914 | D:7      | Noticed Pikel
  5944 | D:7      | Killed Pikel
  5945 | D:7      | Reached skill level 5 in Short Blades
  5945 | D:7      | Reached skill level 5 in Long Blades
  5945 | D:7      | Reached skill level 5 in Axes
  5945 | D:7      | Reached skill level 5 in Maces & Flails
  5945 | D:7      | Reached skill level 5 in Polearms
  5945 | D:7      | Reached skill level 5 in Staves
  5945 | D:7      | Reached skill level 5 in Throwing
  5945 | D:7      | Reached skill level 5 in Armour
  5945 | D:7      | Reached skill level 5 in Stealth
  5945 | D:7      | Reached skill level 5 in Shields
  5945 | D:7      | Reached skill level 5 in Evocations
  6063 | D:7      | Reached XP level 10. HP: 76/76 MP: 17/20
  6138 | D:7      | Noticed Joseph
  6140 | D:7      | Found Wagoly's Jewellery Shop.
  6152 | D:7      | Killed Joseph
  6416 | D:7      | Found a hazy altar of Hepliaklqana.
  6516 | D:7      | Noticed Prince Ribbit
  6523 | D:7      | Killed Prince Ribbit
  7049 | D:7      | Noticed a gargoyle
  7049 | D:7      | Noticed a manticore
  7067 | D:7      | Killed a gargoyle
  7070 | D:7      | Mangled by a manticore

Illustrated notes

Levels and vault maps discovered:
D:1:      dreamdust_arrival_beginning_and_end, layout_basic, serial_shops, shop,
          nicolae_eternal_life
D:2:      layout_basic, dreamdust_ecumenical_altar_angels_and_demons
D:3:      layout_loops_ring, old_standard_altar, lemuel_tele_altar,
          uniq_crazy_yiuf_cottage, uniq_sigmund
D:4:      layout_rooms, mainiacjoe_overflow_paths, xom_redecorated,
          minmay_temple_entry_sparse_star, uniq_edmund, uniq_eustachio,
          uniq_ijyb, uniq_menkaure
D:5:      layout_cave_pools, mainiacjoe_overflow_brackets,
          mainiacjoe_overflow_small_starburst, minmay_misc_feat_room
D:6:      layout_basic, serial_shops, nicolae_lakefront_shop,
          minmay_manual_monstrance
D:7:      minmay_the_grid_octo_triangle [minmay_the_grid_octo_fan_narrow,
          minmay_the_grid_octo_prize_big_c, minmay_the_grid_octo_chip],
          layout_basic, nicolae_hepliaklqana_hippocampus, serial_shops, shop,
          uniq_joseph, uniq_pikel, uniq_prince_ribbit1

Skill      XL: |  1  2  3  4  5  6  7  8  9 10 |
---------------+-------------------------------+-----
Spellcasting   | 5 6 7 |  7.6
Invocations    | 1 2 3 4 5 6 |  6.2
Short Blades   | 1 2 3 4 5 |  5.6
Long Blades    | 1 2 3 4 5 |  5.6
Axes           | 1 2 3 4 5 |  5.6
Maces & Flails | 1 2 3 4 5 |  5.6
Polearms       | 1 2 3 4 5 |  5.6
Staves         | 1 2 3 4 5 |  5.6
Ranged Weapons | 1 2 3 4 5 6 |  6.7
Throwing       | 1 2 3 4 5 |  5.6
Armour         | 1 2 3 4 5 |  5.6
Stealth        | 1 2 3 4 5 |  5.6
Shields        | 1 2 3 4 5 |  5.6
Evocations     | 1 2 3 4 5 |  5.6
Conjurations   | 1 2 3 4 |  4.6
Hexes          | 1 2 3 4 |  4.6
Summonings     | 1 2 3 4 |  4.6
Necromancy     | 1 2 3 4 |  4.6
Translocations | 1 2 3 4 |  4.6
Fire Magic     | 1 2 3 4 |  4.6
Ice Magic      | 1 2 3 4 |  4.6
Air Magic      | 1 2 3 4 |  4.6
Earth Magic    | 1 2 3 4 |  4.6
Poison Magic   | 1 2 3 4 |  4.6
Fighting       | 3 4 5 6 |  6.2
Transmutations | 4 5 6 |  6.1
Dodging        | 5 6 7 |  7.3
Unarmed Combat | 7 8 |  8.7

Action                   |  1- 3 |  4- 6 |  7- 9 | 10-12 || total
-------------------------+-------+-------+-------+-------++-------
Melee: Unarmed           |    89 |    55 |   216 |    76 ||   436
       Kick              |    15 |       |       |       ||    15
       Headbutt          |     5 |       |       |       ||     5
       Bite              |     2 |       |       |       ||     2
       Punch             |     1 |       |       |       ||     1
 Cast: Beastly Appendage |    26 |       |     1 |       ||    27
       Wereblood         |     2 |     2 |     9 |     1 ||    14
       Spider Form       |     2 |    10 |    22 |     5 ||    39
       Ice Form          |       |       |     9 |     7 ||    16
Invok: Draw Destruction  |       |       |     1 |     5 ||     6
  Use: Potion            |     4 |       |     1 |       ||     5
       Scroll            |     1 |     4 |     3 |     1 ||     9
 Stab: Sleeping          |       |     1 |     3 |     3 ||     7
Armor: Robe              |     6 |     1 |     2 |       ||     9
       Skin              |    51 |     2 |    20 |    11 ||    84
Dodge: Dodged            |    54 |    34 |   122 |    53 ||   263

Table legend: (Time is in decaauts)
 A = Elapsed time spent in this place.
 B = Non-inter-level travel time spent in this place.
 C = Inter-level travel time spent in this place.
 D = Time resting spent in this place.
 E = Time spent auto-exploring this place.
 F = Levels seen in this place.
 G = Mean time per level.
                   A        B        C        D        E       F      G
               +--------+--------+--------+--------+--------+-----+--------+
         Total |   7011 |   6796 |    215 |    788 |   4811 |   7 | 1001.6 |
       Dungeon |   7011 |   6796 |    215 |    788 |   4811 |   7 | 1001.6 |
               +--------+--------+--------+--------+--------+-----+--------+

Top non-repeatable levels by time:
     D:6: 1422 daAuts
     D:7: 1245 daAuts
     D:2: 1096 daAuts
     D:3: 987 daAuts
     D:1: 921 daAuts
     D:4: 762 daAuts
     D:5: 575 daAuts
